 Dungeon Crawl Stone Soup version 0.18-a0-1045-g4e042de (webtiles) character file.

8368 Duffy the Severer (level 11, -3/136 HPs)
             Began as a Minotaur Berserker on Jan 11, 2016.
             Was a High Priest of Trog.
             Killed from afar by an ice statue (9 damage)
             ... with a freezing blast
             ... in an ice cave.
             The game lasted 00:13:12 (8108 turns).

Duffy the Severer (Minotaur Berserker)              Turns: 8108, Time: 00:13:12

Health: -3/136     AC: 12    Str: 26    XL:     11   Next: 9%
Magic:  10/10      EV:  9    Int:  4    God:    Trog [*****.]
Gold:   601        SH:  5    Dex: 14    Spells: 0 memorised, 10 levels left

rFire  . . .     SeeInvis .     O - +0 battleaxe
rCold  . . .     Gourm    .     j - +0 plate armour
rNeg   . . .     Faith    .     (shield currently unavailable)
rPois  +         Spirit   .     (helmet restricted)
rElec  .         Dismiss  .     l - +0 cloak
rCorr  .         Reflect  +     x - +0 pair of gloves (curse)
SustAt .         Harm     .     (no boots)
MR     .....                    Q - +5 amulet of reflection
Stlth  ..........               w - ring of poison resistance
                                L - -3 ring of protection (curse)

@: berserking, very quick, not resistant to hostile enchantments, extremely
unstealthy
A: retaliatory headbutt, horns 2
a: Berserk, Trog's Hand, Brothers in Arms, Burn Spellbooks, Renounce Religion


You were in an ice cave.
You worshipped Trog.
Trog was extremely pleased with you.
You were not hungry.

You visited 1 branch of the dungeon, and saw 11 of its levels.
You also visited: Ice Cave.

You collected 601 gold pieces.


Innate Abilities, Weirdness & Mutations

You reflexively headbutt those who attack you in melee.
You have a pair of horns on your head.


   Skills:
 - Level 6.8 Fighting
 + Level 17.3 Axes
 - Level 6.0 Armour
 - Level 4.4 Dodging


You had 10 spell levels left.
You didn't know any spells.

Inventory:

Hand Weapons
 O - a +0 battleaxe (weapon)
Missiles
 b - a throwing net
 B - 49 poisoned needles
 R - 4 tomahawks (quivered)
Armour
 j - a +0 plate armour (worn)
 l - a +0 cloak (worn)
 x - a cursed +0 pair of gloves (worn)
Jewellery
 n - an uncursed ring of teleportation
 u - an uncursed amulet of regeneration
 w - a ring of poison resistance (right hand)
 L - a cursed -3 ring of protection (left hand)
 Q - a +5 amulet of reflection (around neck)
Wands
 a - a wand of frost (17/48)
 e - a wand of disintegration (7/24)
 p - a wand of draining (13/15)
 t - a wand of confusion (22/48)
 A - a wand of disintegration (15/24)
 E - a wand of fireball (5/15)
 M - a wand of draining (7/15)
 S - a wand of lightning (5/15)
Scrolls
 i - 4 scrolls of teleportation
 k - a scroll of immolation
 q - 2 scrolls of enchant weapon
 s - 2 scrolls of fear
 y - 2 scrolls of recharging
 H - a scroll of blinking
 K - a scroll of acquirement {unknown}
Potions
 d - 5 potions of curing
 f - 2 potions of resistance
 g - 3 potions of flight
 h - 2 potions of might {unknown}
 o - 2 potions of heal wounds
 r - a potion of berserk rage {unknown}
 z - a potion of poison {unknown}
 C - a potion of invisibility
 F - a potion of beneficial mutation {unknown}
 G - a potion of haste {unknown}
Books
 J - a book of Enchantments
Miscellaneous
 v - a fan of gales
Comestibles
 c - 11 bread rations
 m - 4 beef jerkies
 D - a royal jelly
 I - 2 fruits
 N - 3 meat rations
 P - 7 slices of pizza

Dungeon Overview and Level Annotations

Branches:
Dungeon (11/15)            Temple (0/1) D:7            Lair (0/8) D:10
    Orc: D:9-12

Altars:
Ashenzari
Cheibriados
Elyvilon
Makhleb
Nemelex Xobeh
Sif Muna
Trog
Zin

Shops:
D:4 %

Annotations:
IceCv exclusion: 3 ice statues


Message History

Marking area around the ice statue as unsafe for travelling.
Marking area around the ice statue as unsafe for travelling. 2 ice statues come into view.
Unknown command.
Evoke which item? (* to show all) (? for menu, Esc to quit)
Okay, then.
Put on which piece of jewellery? (? for menu, Esc to quit)
Oops, that ring feels deathly cold.
L - a cursed -3 ring of protection (left hand) Really walk into a travel-excluded area?
The ice statue glitters chillingly in the dim dungeon light.
The ice statue throws cold at you. The freezing blast engulfs you!
Marking area around the ice statue as unsafe for travelling.
An ice statue comes into view.
You are engulfed in freezing vapours.
The ice statue throws ice at you. The shard of ice misses you.
Unknown command.
The ice statue throws cold at you. The freezing blast engulfs you!
You are engulfed in freezing vapours.
The ice statue throws cold at you. The bolt of cold hits you!
A red film seems to cover your vision as you go berserk!
You feel yourself moving faster!
You feel mighty!
You feel somewhat more hungry.
You are engulfed in freezing vapours.
The ice statue throws cold at you. The bolt of cold misses you.
The bolt of cold misses the ice beast.
You slash the ice statue!
The ice statue is moderately damaged.
You are engulfed in freezing vapours.
The ice statue throws cold at you. The freezing blast engulfs you!
You die...

###### #############
.....## ##.....#8....##
......###.....)#......##
.......#.....00#.......#
.......#.....00#.......#
.\..\.........0.YY.....8
.......#......0#.0.....#
.......#.......#00.....#
......###......#@00...##
.....## ##.....#800..##
###### #############


You could see 3 ice statues and 2 ice beasts.

Action                   |  1- 3 |  4- 6 |  7- 9 | 10-12 || total
-------------------------+-------+-------+-------+-------++-------
Melee: Hand axe          |    86 |   163 |   305 |       ||   554
       Battleaxe         |       |       |     6 |   140 ||   146
Invok: Berserk           |     1 |     2 |     9 |     5 ||    17
       Trog's Hand       |       |       |       |     1 ||     1
  Use: Scroll            |       |     5 |     5 |     4 ||    14
  Eat: Chunk             |     2 |     8 |    20 |    10 ||    40

Notes
Turn   | Place    | Note
--------------------------------------------------------------
     0 | D:1      | Duffy the Minotaur Berserker began the quest for the Orb.
     0 | D:1      | Reached XP level 1. HP: 19/19 MP: 0/0
    65 | D:2      | Reached skill level 4 in Axes
    73 | D:2      | Reached XP level 2. HP: 19/26 MP: 1/1
    89 | D:2      | Reached skill level 5 in Axes
    90 | D:2      | Reached XP level 3. HP: 20/31 MP: 2/2
   593 | D:1      | Reached ** piety under Trog
  1344 | D:2      | Reached XP level 4. HP: 36/39 MP: 3/3
  1395 | D:2      | Found a glowing silver altar of Zin.
  1455 | D:2      | Reached skill level 3 in Armour
  1528 | D:2      | Reached skill level 6 in Axes
  1707 | D:2      | Found a snail-covered altar of Cheibriados.
  1875 | D:2      | Found a shattered altar of Ashenzari.
  1929 | D:3      | Noticed Ijyb
  1939 | D:3      | Killed Ijyb
  1939 | D:3      | Reached XP level 5. HP: 45/45 MP: 4/4
  2079 | D:3      | Found a white marble altar of Elyvilon.
  2356 | D:3      | Reached skill level 4 in Armour
  2386 | D:3      | Reached *** piety under Trog
  2540 | D:3      | Reached skill level 7 in Axes
  2542 | D:3      | Reached XP level 6. HP: 36/51 MP: 5/5
  2806 | D:3      | Reached skill level 5 in Armour
  3094 | D:4      | Found Mutrier's Food Shop.
  3129 | D:4      | Reached skill level 6 in Armour
  3167 | D:4      | Reached XP level 7. HP: 51/57 MP: 6/6
  3730 | D:4      | Found a deep blue altar of Sif Muna.
  3769 | D:4      | Reached skill level 4 in Fighting
  3963 | D:4      | Reached skill level 8 in Axes
  4103 | D:5      | Entered Level 5 of the Dungeon
  4138 | D:5      | Reached **** piety under Trog
  4215 | D:5      | Noticed Duvessa
  4217 | D:5      | Noticed Dowan
  4306 | D:5      | Killed Dowan
  4310 | D:5      | Killed Duvessa
  4310 | D:5      | Reached skill level 5 in Fighting
  4395 | D:5      | Noticed Grinder
  4408 | D:5      | Killed Grinder
  4408 | D:5      | Reached skill level 9 in Axes
  4408 | D:5      | Reached XP level 8. HP: 70/70 MP: 7/7
  4538 | D:5      | Noticed Ijustatesigmund's ghost (amateur DsAK)
  4545 | D:5      | Killed Ijustatesigmund's ghost
  4545 | D:5      | Reached skill level 6 in Fighting
  4861 | D:7      | Reached skill level 10 in Axes
  4861 | D:7      | Reached skill level 3 in Dodging
  4899 | D:6      | Reached skill level 4 in Dodging
  5000 | D:6      | Found a sparkling altar of Nemelex Xobeh.
  5179 | D:6      | Reached skill level 11 in Axes
  5243 | D:6      | Reached XP level 9. HP: 78/78 MP: 8/8
  5409 | D:7      | Noticed Ijustatesigmund's ghost (amateur DsAK)
  5425 | D:7      | Killed Ijustatesigmund's ghost
  5565 | D:7      | Reached skill level 12 in Axes
  5751 | D:7      | Noticed a manticore
  5761 | D:7      | Killed a manticore
  5866 | D:7      | Found a staircase to the Ecumenical Temple.
  5885 | D:7      | Reached skill level 13 in Axes
  6298 | D:8      | Reached ***** piety under Trog
  6314 | D:8      | Reached skill level 14 in Axes
  6404 | D:8      | Reached XP level 10. HP: 63/84 MP: 9/9
  6827 | D:8      | Found a burning altar of Makhleb.
  6877 | D:9      | Found a bloodstained altar of Trog.
  6969 | D:9      | Noticed a hill giant
  6980 | D:9      | Killed a hill giant
  6980 | D:9      | Reached skill level 15 in Axes
  7164 | D:10     | Entered Level 10 of the Dungeon
  7258 | D:10     | Found a staircase to the Lair.
  7657 | D:11     | Reached skill level 16 in Axes
  7826 | D:11     | Noticed Erolcha
  7828 | D:11     | Noticed a hill giant
  7837 | D:11     | Killed a hill giant
  7837 | D:11     | Killed Erolcha
  7838 | D:11     | Reached skill level 17 in Axes
  7936 | D:11     | Found a frozen archway.
  7936 | D:11     | Noticed an ice statue
  7946 | D:11     | Killed an ice statue
  7946 | D:11     | Reached XP level 11. HP: 86/91 MP: 10/10
  7965 | IceCv    | Entered an ice cave
  8108 | IceCv    | Killed from afar by an ice statue

Vault maps used:
D:1:      minmay_arrival_stone_box
D:2:      nicolae_overflow_hidden_temple, lemuel_round_altar, first_bread,
          minmay_fountain_box, cheibriados_altar_wand_db
D:3:      elyvilon_altar_1, supply_closet_lemuel, uniq_iyjb
D:4:      led_sif_pool, serial_shops, nicolae_shop_waterfront
D:5:      uniq_duvessa, uniq_grinder
D:6:      nemelex_deck
D:7:      temple_doors_c
D:8:      lightli_temple_of_fire, grunt_livestock
D:9:      hangedman_cross_cluster, vehumet_crystals, trog_eyes_of_draining,
          hangedman_decor_growths, kennysheep_cross_bottleneck,
          nemelex_dance_club_becter, uniq_erica
D:10:     lair_0_dummy
D:11:     portal_ice_cave_entry_ice_statue_01, uniq_erolcha
IceCv:    ice_cave_statue_garden_02

Vanquished Creatures
  Erolcha
  2 hill giants
  A manticore
  An ice statue
  The ghost of Ijustatesigmund the Cudgeler, an amateur DsAK of Lugonu Grinder
  A wraith
  A wyvern
  A hog
  A yak
  A hippogriff
  A human Duvessa
  3 orc warriors
  An eye of draining
  4 sky beasts
  A necrophage
  7 ice beasts
  3 phantoms
  6 ogres
  The ghost of Ijustatesigmund the Schismatic, an amateur DsAK of Lugonu
  4 centaurs
  4 giant frogs
  A big kobold
  A wyvern skeleton
  A scorpion Dowan
  A killer bee
  5 wights
  2 crimson imps
  A giant frog zombie
  3 hounds
  2 jellies
  9 orc wizards
  2 giant frog skeletons
  An orc priest Ijyb
  A centaur skeleton
  3 iguanas
  6 worker ants
  2 sheep
  A killer bee zombie
  2 hound zombies
  2 hound skeletons
  A worker ant zombie
  13 adders
  A gnoll
  3 shadow imps
  3 oozes
  An adder zombie
  An adder skeleton
  9 giant geckos
  32 orcs
  4 bats
  7 giant cockroaches
  7 goblins
  6 hobgoblins
  9 jackals
  2 quokkas
  2 ball pythons
  A ball python zombie
  A giant cockroach zombie
  A giant gecko zombie
  3 giant newts
  22 kobolds
  A quokka zombie
  8 rats
234 creatures vanquished.
